 Dungeon Crawl Stone Soup version 0.22-a0-515-g75794bf (webtiles) character file.

12485 Mamutox the Covert (level 11, -39/53 HPs)
             Began as a Spriggan Enchanter on June 19, 2018.
             Was a High Priest of Dithmenos.
             Hit by a large rock thrown by a cyclops (43 damage)
             ... on level 11 of the Dungeon.
             The game lasted 00:56:21 (10802 turns).

Mamutox the Covert (Spriggan Enchanter)            Turns: 10802, Time: 00:56:22

Health: -39/53     AC:  4    Str:  4    XL:     11   Next: 63%
Magic:  30/34      EV: 28    Int: 20    God:    Dithmenos [*****.]
Gold:   434        SH:  0    Dex: 17    Spells: 18/29 levels left

rFire    . . .     SeeInvis +   F - +3 short sword (freeze) (curse)
rCold    . . .     Gourm    .   (shield restricted)
rNeg     . . .     Faith    .   n - +2 robe {Archmagi}
rPois    .         Spirit   .   (helmet restricted)
rElec    .         Reflect  .   (no cloak)
rCorr    .         Harm     .   (gloves unavailable)
MR       +....                  (boots unavailable)
Stlth    ++++++++..             p - amulet of magic regeneration
HPRegen  0.17/turn              H - ring of magical power
MPRegen  0.49/turn              A - +2 ring of evasion

@: very slightly contaminated, wreathed by umbra, very quick
A: very small, unfitting armour, see invisible, herbivore, speed 3, slow
metabolism 2
a: Shadow Step, Shadow Form, Renounce Religion


You were on level 11 of the Dungeon.
You worshipped Dithmenos.
Dithmenos was extremely pleased with you.
You were not hungry.

You visited 1 branch of the dungeon, and saw 12 of its levels.

You collected 434 gold pieces.

Inventory:

Hand Weapons
 a - a +1 dagger
 c - a +2 dagger of speed
 j - a +0 dagger of holy wrath
 t - a +5 short sword
 u - a +0 blowgun
 z - a +2 short sword of venom
 F - a cursed +3 short sword of freezing (weapon)
Missiles
 e - 383 stones (quivered)
 C - 18 poisoned needles
 K - 4 tomahawks
 N - a throwing net
Armour
 n - a +2 robe of the Archmagi (worn)
Jewellery
 p - an amulet of magic regeneration (around neck)
 s - a +2 ring of strength
 A - a +2 ring of evasion (right hand)
 G - an uncursed ring of poison resistance
 H - a ring of magical power (left hand)
 S - an uncursed ring of flight {unknown}
Wands
 w - a wand of digging (43)
 B - a wand of random effects (14)
 E - a wand of paralysis (11)
 J - a wand of acid (9)
 M - a wand of disintegration (11)
 P - a wand of flame (27)
Scrolls
 b - a scroll of noise {unknown}
 o - 8 scrolls of teleportation
 q - a scroll of immolation
 r - a scroll of magic mapping
 v - 5 scrolls of identify
 x - a scroll of enchant weapon
 y - 5 scrolls of remove curse
 I - 3 scrolls of enchant armour
 O - a scroll of fog {unknown}
 Q - a scroll of random uselessness {unknown}
 R - a scroll of holy word {unknown}
Potions
 f - 4 potions of brilliance
 g - 5 potions of flight
 h - 2 potions of might
 i - a potion of cancellation {unknown}
 k - 2 potions of heal wounds
 l - a potion of magic {unknown}
 m - a potion of haste
 D - a potion of berserk rage
 L - a potion of curing {unknown}
Comestibles
 d - 18 rations


   Skills:
 - Level 4.0 Fighting
 + Level 7.6 Short Blades
 + Level 10.1 Dodging
 + Level 12.0 Stealth
 + Level 9.5 Spellcasting
 - Level 3.3 Conjurations
 + Level 9.5 Hexes
 - Level 1.7 Ice Magic
 + Level 1.2 Invocations
 - Level 7.9 Evocations


You had 18 spell levels left.
You knew the following spells:

 Your Spells              Type           Power        Failure   Level  Hunger
b - Tukima's Dance        Hex            ######..     1%          3    None
c - Confuse               Hex            ######..     1%          3    None
v - Dazzling Spray        Conj/Hex       ######       1%          3    None
x - Ensorcelled Hibernat  Hex/Ice        #####.       1%          2    None

Your spell library contained the following spells:

 Spells                   Type           Power        Failure   Level  Hunger
 Fireball                 Conj/Fire      ###.......   71%         5    #####..
 Conjure Flame            Conj/Fire      ###.....     11%         3    None
 Throw Flame              Conj/Fire      ###...       5%          2    None
 Sticky Flame             Conj/Fire      ###.....     36%         4    ##.....
 Confusing Touch          Hex            ######       1%          1    None
 Flame Tongue             Conj/Fire      ###..        3%          1    None
 Metabolic Englaciation   Hex/Ice        #####.....   21%         5    #####..
 Corona                   Hex            ######.      1%          1    None
 Petrify                  Tmut/Erth      ##......     58%         4    ##.....
 Inner Flame              Hex/Fire       #####...     3%          3    None
 Gell's Gravitas          Tloc           ##........   22%         3    None
 Yara's Violent Unravell  Hex/Tmut       #####.....   28%         5    #####..


Dungeon Overview and Level Annotations

Branches:
Dungeon (12/15)            Temple (0/1) D:6            Lair (0/6) D:11
    Orc (0/2) D:9

Altars:
Ashenzari
Dithmenos
Kikubaaqudgha
Okawaru
Qazlal
Ru
Wu Jian
Zin
Beogh

Shops:
D:7 }   D:8 (


Innate Abilities, Weirdness & Mutations

You are very small and have problems with some larger weapons.
You are too small for most types of armour.
You have supernaturally acute eyesight. (SInv)
You are a herbivore.
You cover ground extremely quickly.
You need to consume almost no food.


Message History

Your lungs strain for air!
The water elemental completely misses you.
You hit the water elemental. You freeze the water elemental.
The water elemental is moderately damaged.
Your lungs strain for air!
You barely miss the water elemental.
The water elemental is moderately damaged.
Your shadow barely misses the water elemental.
Your lungs strain for air!
The water elemental closely misses you.
You slip free of the water engulfing you.
You gasp with relief as air once again reaches your lungs.
The cyclops throws a large rock.
The large rock hits you!!
Ouch! That really hurt!
* * * LOW HITPOINT WARNING * * *
You emit a cloud of dark smoke.
You see here a large rock.
The cyclops throws a large rock.
The large rock hits you!!!
Ouch! That really hurt!
You die...

≈..≈...≈≈≈≈......#
≈≈...≈/.≈≈≈≈≈....#
≈..>.).(.C.....[.#
≈≈....≈≈≈≈≈≈≈≈...#
≈.C≈≈≈$≈≈≈≈≈≈≈.§§###############
≈≈≈≈≈≈≈≈.≈≈≈≈).§E§........<....#
.≈≈≈≈≈≈≈≈.≈≈...§§§§......#####†#
≈≈≈≈≈≈≈≈≈.$≈≈..§§#######.# #.#
≈≈≈≈≈≈≈..≈....[.@# #.# #.#
≈≈≈≈≈≈......÷..(.#######.# #.#
##########.÷.>........# ##.##
#÷##.######..# ##...# #÷##.#
#..###..... #÷##.# #...#......
#.##.## #.......... #.÷...#
###.##....# ####..### #.##.#.##


You could see a cyclops.

Vanquished Creatures
  3 two-headed ogres
  Erica (D:11)
  An ugly thing (D:11)
  A deep elf mage (D:9)
  A cyclops (D:11)
  A kobold demonologist (D:11)
  3 trolls
  2 hippogriffs
  Sigmund (D:2)
  A spriggan (D:9)
  9 yaks (D:11)
  4 vampire mosquitoes (D:8)
  A hungry ghost (D:11)
  Menkaure (D:6)
  The ghost of inc the Chiller, an amateur OpIE (D:4)
  Duvessa (D:7)
  A water moccasin (D:8)
  An orc warrior (D:9)
  2 ice beasts
  4 sky beasts
  A black bear (D:8)
  5 ogres
  A necrophage (D:7)
  3 wolves (D:11)
  7 centaurs
  A crocodile (D:8)
  5 bullfrogs
  Dowan (D:7)
  A scorpion (D:7)
  9 killer bees
  7 wights
  A howler monkey (D:6)
  An electric eel (D:11)
  5 crimson imps
  A quasit (D:6)
  A bullfrog zombie (D:8)
  A centaur zombie (D:4)
  3 orc priests
  7 hounds
  2 jellies
  8 orc wizards
  2 bullfrog skeletons
  2 centaur skeletons
  An iguana (D:8)
  7 worker ants
  Terence (D:2)
  A killer bee zombie (D:7)
  2 hound zombies
  3 howler monkey zombies
  2 worker ant zombies
  A gnoll (D:5)
  4 adders
  2 shadow imps
  An adder skeleton (D:4)
  4 dart slugs
  4 leopard geckos
  37 orcs
  A bat zombie (D:8)
  7 giant cockroaches
  6 goblins
  9 hobgoblins
  9 jackals
  8 kobolds
  2 quokkas
  2 ball pythons
  10 bats
  3 frilled lizards
  A jackal skeleton (D:8)
  2 quokka skeletons
  A quokka zombie (D:7)
  8 rats
  A rat zombie (D:8)
255 creatures vanquished.

Notes
Turn   | Place    | Note
-------+----------+-------------------------------------------
     0 | D:1      | Mamutox the Spriggan Enchanter began the quest for the Orb.
     0 | D:1      | Reached XP level 1. HP: 9/9 MP: 5/5
   201 | D:1      | Reached XP level 2. HP: 13/13 MP: 7/7
   385 | D:1      | Learned a level 2 spell: Ensorcelled Hibernation
  1262 | D:1      | Reached skill level 5 in Stealth
  1391 | D:2      | Found a shadowy altar of Dithmenos.
  1394 | D:2      | Became a worshipper of Dithmenos the Shadowed
  1396 | D:2      | Reached XP level 3. HP: 16/16 MP: 8/8
  1489 | D:2      | Noticed Sigmund
  1796 | D:2      | Reached XP level 4. HP: 21/21 MP: 5/10
  2306 | D:2      | Learned a level 3 spell: Confuse
  2363 | D:2      | Killed Sigmund
  2363 | D:2      | Reached skill level 6 in Stealth
  2363 | D:2      | Reached skill level 1 in Ice Magic
  2363 | D:2      | Reached XP level 5. HP: 22/24 MP: 3/12
  2410 | D:2      | Noticed Terence
  2439 | D:2      | Killed Terence
  2439 | D:2      | Reached skill level 5 in Hexes
  2470 | D:2      | Found a shattered altar of Ashenzari.
  2693 | D:2      | Found a glowing silver altar of Zin.
  2721 | D:2      | Reached XP level 6. HP: 28/28 MP: 13/13
  3235 | D:3      | Reached * piety under Dithmenos
  3530 | D:4      | Reached skill level 7 in Stealth
  3632 | D:4      | Found a runed gate.
  3633 | D:4      | Found a runed gate.
  3633 | D:4      | Found a runed gate.
  3635 | D:4      | Noticed inc's ghost (amateur OpIE)
  3644 | D:4      | Reached skill level 5 in Spellcasting
  3735 | D:4      | Learned a level 3 spell: Dazzling Spray
  3740 | D:4      | Learned a level 3 spell: Tukima's Dance
  3766 | D:4      | Killed inc's ghost
  3766 | D:4      | Reached XP level 7. HP: 29/32 MP: 11/15
  3926 | D:4      | Reached skill level 1 in Evocations
  4359 | D:4      | Reached skill level 1 in Conjurations
  4372 | D:4      | Reached skill level 1 in Invocations
  4712 | D:5      | Entered Level 5 of the Dungeon
  4758 | D:5      | Found an ornate altar of the Wu Jian Council.
  5046 | D:5      | Reached XP level 8. HP: 19/36 MP: 14/17
  5217 | D:5      | Reached ** piety under Dithmenos
  5423 | D:5      | Reached skill level 5 in Dodging
  5930 | D:6      | Found a staircase to the Ecumenical Temple.
  5990 | D:6      | Reached skill level 8 in Stealth
  6135 | D:6      | Noticed Menkaure
  6145 | D:6      | Killed Menkaure
  6655 | D:7      | Found Ucsost's Gadget Shop.
  6819 | D:7      | Found a sacrificial altar of Ru.
  7272 | D:7      | Reached XP level 9. HP: 36/39 MP: 15/19
  7456 | D:7      | Reached *** piety under Dithmenos
  7516 | D:7      | Noticed Dowan
  7517 | D:7      | Noticed Duvessa
  7549 | D:7      | Noticed a troll
  7564 | D:7      | Reached skill level 1 in Fighting
  7610 | D:7      | Killed Duvessa
  7617 | D:7      | Killed Dowan
  7625 | D:7      | Reached skill level 9 in Stealth
  7669 | D:7      | Killed a troll
  7852 | D:8      | Found Baiqypsirul's Weapon Shoppe.
  7906 | D:8      | Reached skill level 5 in Evocations
  7947 | D:8      | Reached skill level 5 in Short Blades
  8209 | D:8      | Reached XP level 10. HP: 42/49 MP: 20/22
  8322 | D:8      | Found an ancient bone altar of Kikubaaqudgha.
  8600 | D:9      | Reached **** piety under Dithmenos
  8751 | D:9      | Noticed a deep elf mage
  8764 | D:9      | Noticed an orange demon
  8899 | D:9      | Killed a deep elf mage
  8899 | D:9      | Reached skill level 10 in Stealth
  9033 | D:9      | Noticed a two-headed ogre
  9175 | D:9      | Noticed a two-headed ogre
  9180 | D:9      | Killed a two-headed ogre
  9206 | D:9      | Found an iron altar of Okawaru.
  9209 | D:9      | Found a stormy altar of Qazlal.
  9265 | D:9      | Killed a two-headed ogre
  9310 | D:9      | Found a staircase to the Orcish Mines.
  9323 | D:9      | Found a roughly hewn altar of Beogh.
  9516 | D:10     | Entered Level 10 of the Dungeon
  9557 | D:10     | Reached skill level 11 in Stealth
  9955 | D:10     | Noticed a two-headed ogre
  9962 | D:10     | Killed a two-headed ogre
  9962 | D:10     | Reached XP level 11. HP: 53/53 MP: 24/24
 10228 | D:11     | Noticed Erica
 10275 | D:11     | Killed Erica
 10295 | D:11     | Noticed a red ugly thing
 10302 | D:11     | Killed a red ugly thing
 10381 | D:11     | Reached ***** piety under Dithmenos
 10399 | D:11     | Found a staircase to the Lair.
 10609 | D:11     | Reached skill level 10 in Dodging
 10614 | D:11     | Reached skill level 12 in Stealth
 10802 | D:11     | Hit by a large rock thrown by a cyclops

Vault maps used:
D:1:      minmay_arrival_solitary_statue
D:2:      nicolae_ashenzari_panopticon, zin_treasury,
          grunt_dithmenos_smoke_and_mirrors, uniq_sigmund, uniq_terence
D:3:      kennysheep_generic_room_2
D:4:      first_ration, gammafunk_ghost_necromancy
D:5:      nicolae_overflow_crystal_walls, cheibrodos_gnoll_hut
D:6:      minmay_temple_entry_water_ring, uniq_menkaure
D:7:      kennysheep_mini_moat, serial_shops, nicolae_shop_window_shopping,
          kb_rosetta, uniq_duvessa
D:8:      lemuel_zombie_altar_kikubaaqudgha, serial_shops, kennysheep_mini
D:9:      minitemple, minmay_orc_entry_temple_small, the_bakery,
          basic_loot_grate_trap
D:11:     erik_lair_island, uniq_urug, uniq_erica
D:12:     st_stairs_1, uniq_erolcha

Skill      XL: |  1  2  3  4  5  6  7  8  9 10 11 |
---------------+----------------------------------+-----
Spellcasting   | 3 4 5 6 7 8 9 |  9.5
Hexes          | 4 5 6 7 8 9 |  9.5
Stealth        | 5 6 7 8 9 11 12 | 12.0
Short Blades   | 2 3 4 5 6 7 |  7.6
Ice Magic      | 1 |  1.7
Evocations     | 2 4 5 6 7 |  7.9
Dodging        | 4 6 7 9 10 | 10.1
Conjurations   | 1 3 |  3.3
Invocations    | 1 |  1.2
Fighting       | 3 4 |  4.0

Action                   |  1- 3 |  4- 6 |  7- 9 | 10-12 || total
-------------------------+-------+-------+-------+-------++-------
Melee: Dagger            |   123 |   165 |   132 |       ||   420
       Short sword       |       |       |   137 |   141 ||   278
 Cast: Ensorcelled Hiber |    18 |    46 |    74 |    55 ||   193
       Confuse           |       |     7 |    35 |    19 ||    61
       Dazzling Spray    |       |       |     7 |    14 ||    21
  Use: Scroll            |       |     8 |     1 |     7 ||    16
       Potion            |       |       |       |     1 ||     1
 Stab: Sleeping          |    14 |    37 |    61 |    48 ||   160
       Confused          |       |     8 |    25 |    10 ||    43
       Invisible         |       |       |     1 |     5 ||     6
  Eat: Ration            |       |     2 |     2 |     2 ||     6
Armor: Robe              |    15 |    18 |     9 |     1 ||    43
Dodge: Dodged            |    88 |    93 |   185 |    92 ||   458

Table legend:
 A = Spawn XP
 B = Non-spawn XP
 C = Spawn XP percentage of total XP
 D = Spawn monster count
 E = Non-spawn monster count
 F = Spawn count percentage of total count
 G = Total turns spent on level
                    A         B        C        D         E        F      G
               +---------+---------+-------+---------+---------+-------+---------
         Total |       0 |   17837 |   0.0 |       0 |     255 |   0.0 | 10802
               +---------+---------+-------+---------+---------+-------+---------
           D:1 |       0 |      40 |   0.0 |       0 |      24 |   0.0 |  1385
           D:2 |       0 |     341 |   0.0 |       0 |      21 |   0.0 |  1476
           D:3 |       0 |      44 |   0.0 |       0 |      16 |   0.0 |   702
           D:4 |       0 |     637 |   0.0 |       0 |      28 |   0.0 |  1149
           D:5 |       0 |     686 |   0.0 |       0 |      20 |   0.0 |  1107
           D:6 |       0 |     444 |   0.0 |       0 |       8 |   0.0 |   827
           D:7 |       0 |    1832 |   0.0 |       0 |      35 |   0.0 |  1123
           D:8 |       0 |    1926 |   0.0 |       0 |      31 |   0.0 |   829
           D:9 |       0 |    3924 |   0.0 |       0 |      27 |   0.0 |   918
          D:10 |       0 |    2103 |   0.0 |       0 |      11 |   0.0 |   595
          D:11 |       0 |    5860 |   0.0 |       0 |      34 |   0.0 |   541
               +---------+---------+-------+---------+---------+-------+---------
